 Dungeon Crawl Stone Soup version 0.31-a0-233-g139696dc86 (webtiles) character file.

Game seed: 6197947550542730864

278 qw the Shooter (level 6, -1/50 HPs)
             Began as a Minotaur Hexslinger on July 7, 2023.
             Slain by Grinder (3 damage)
             ... on level 3 of the Dungeon.
             The game lasted 00:00:48 (2324 turns).

qw the Shooter (Minotaur Hexslinger)                Turns: 2324, Time: 00:00:49

Health: -1/50      AC:  2    Str: 12    XL:     6   Next: 5%
Magic:  6/6        EV: 12    Int: 10    God:
Gold:   116        SH:  0    Dex: 15    Spells: 6/7 levels left

rFire   . . .        Y - +1 sling
rCold   . . .        (no shield)
rNeg    . . .        c - +0 robe
rPois   .            (helmet restricted)
rElec   .            (no cloak)
rCorr   .            (no gloves)
SInv    .            (no boots)
Will    .....        (no amulet)
Stlth   +            (no ring)
HPRegen 0.28/turn    (no ring)
MPRegen 0.10/turn

%: no passive effects
@: no status effects
A: horns 2, retaliatory headbutt
a: no special abilities


You were on level 3 of the Dungeon.
You visited 1 branch of the dungeon, and saw 3 of its levels.

You collected 116 gold pieces.


Innate Abilities, Weirdness & Mutations

You have a pair of horns on your head.
You reflexively headbutt those who attack you in melee.


   Skills:
 + Level 2.6 Fighting
 - Level 6.6 Ranged Weapons
 - Level 2.1 Dodging
 - Level 1.0 Spellcasting
 - Level 2.0 Hexes


You had 6 spell levels left.
You knew the following spells:

 Your Spells              Type           Power      Damage    Failure   Level
a - Slow                  Hex            16%        N/A       16%         1

Your spell library contained the following spells:

 Spells                   Type           Power      Damage    Failure   Level
 Inner Flame              Hex/Fire       2%         N/A       56%         3
 Portal Projectile        Hex/Tloc       4%         N/A       56%         3
 Cause Fear               Hex            2%         N/A       83%         4

Inventory:

Hand Weapons
 Y - a +1 sling (weapon)
Armour
 c - a +0 robe (worn)
Scrolls
 a - a scroll of identify
 e - a scroll of blinking {unknown}
Potions
 b - a potion of ambrosia {unknown}
 d - a potion of curing
 f - 2 potions of attraction {unknown}
 g - a potion of enlightenment

Dungeon Overview and Level Annotations

Branches:
Dungeon (3/15)

Altars:
Vehumet

Annotations:
D:3 Grinder


Message History

Grinder is severely wounded.
Grinder hits you!
You writhe in agony.
You shoot a sling bullet. The sling bullet hits Grinder.
Grinder is severely wounded.
Grinder drinks a potion.
Grinder is healed!
You shoot a sling bullet. The sling bullet barely misses Grinder.
Grinder hits you.
You writhe in agony.
You shoot a sling bullet.
The sling bullet closely misses Grinder.
Grinder closely misses you.
You shoot a sling bullet. The sling bullet hits Grinder.
Grinder is moderately wounded.
Grinder barely misses you.
You shoot a sling bullet. The sling bullet hits Grinder!
Grinder is heavily wounded.
Grinder barely misses you. You furiously retaliate!
You headbutt Grinder.
Grinder says, "Wait up."
Grinder hits you but does no damage.
You shoot a sling bullet.
The sling bullet completely misses Grinder.
Grinder hits you!
You writhe in agony.
You shoot a sling bullet. The sling bullet hits Grinder.
Grinder is severely wounded.
Grinder hits you!
You writhe in agony.
You shoot a sling bullet.
The sling bullet closely misses Grinder.
Grinder gestures at you. Pain shoots through your body!
You shoot a sling bullet.
The sling bullet hits Grinder but does no damage.
Grinder is severely wounded.
Grinder barely misses you.
You shoot a sling bullet. The sling bullet hits Grinder.
Grinder is severely wounded.
Grinder gestures at you.
You barely resist. You shoot a sling bullet. The sling bullet hits Grinder.
Grinder is severely wounded.
Grinder hits you.
You die...

..###<.# #.#
#.#.#.### ### #..#
#.# #.....#
#####..#
####.###<....#
.......#
#............#
#####...
###.#..#####.###
#..##
#.........##.#
#..#
#..#...#..##.#
#..#
#5###.###.##'##
#@.#...#..#...##
#...._.........##
#..#...#........##
".###.###........#
... ..#.........'
##.. ............#
##. ###........##
.# ###.....##
##...##


You could see Grinder.

Vanquished Creatures
  Sigmund (D:3)
  6 adders
  A worm (D:1)
  A dart slug (D:3)
  An orc (D:3)
  5 bats
  3 endoplasms
  2 giant cockroaches
  A goblin (D:1)
  5 hobgoblins
  8 jackals
  3 kobolds
  4 quokkas
  8 ball pythons
  4 frilled lizards
  2 rats
55 creatures vanquished.

Notes
Turn   | Place    | Note
-------+----------+-------------------------------------------
     0 | D:1      | qw the Minotaur Hexslinger began the quest for the Orb.
     0 | D:1      | Reached XP level 1. HP: 16/16 MP: 1/1
     0 | D:1      | 0 ||| qw: Version: 0.3-a-46-gb1f654a
     0 | D:1      | 0 ||| qw: Game counter: 3045
     0 | D:1      | 0 ||| qw: Melee chars always use a shield: true
     0 | D:1      | 0 ||| qw: God list: Okawaru
     0 | D:1      | 0 ||| qw: Allow faded altars: false
     0 | D:1      | 0 ||| qw: Do Orc after clearing Dungeon:15 true
     0 | D:1      | 0 ||| qw: Do second Lair branch before Depths: true
     0 | D:1      | 0 ||| qw: Lair rune preference: random
     0 | D:1      | 0 ||| qw: Goals: Normal
     0 | D:1      | 0 ||| PLANNING D:1-11
     2 | D:1      | Noticed a demonspawn
     2 | D:1      | Noticed a naga
     4 | D:1      | Noticed a felid
     4 | D:1      | Noticed a merfolk
     8 | D:1      | Noticed a meteoran
     8 | D:1      | Noticed a ghoul
    10 | D:1      | Noticed an elf
    10 | D:1      | Noticed a spriggan
    12 | D:1      | Noticed a vine stalker
    12 | D:1      | Noticed an ogre
    14 | D:1      | Noticed a tengu
    14 | D:1      | Noticed an octopode
    16 | D:1      | Noticed a gargoyle
    16 | D:1      | Noticed a minotaur
    18 | D:1      | Noticed a human
    18 | D:1      | Noticed a formicid
    20 | D:1      | Noticed a draconian
    20 | D:1      | Noticed an armataur
    22 | D:1      | Noticed a demigod
    22 | D:1      | Noticed a troll
    24 | D:1      | Noticed a tengu
    26 | D:1      | Noticed a vine stalker
    26 | D:1      | Noticed a meteoran
   247 | D:1      | Reached skill level 3 in Ranged Weapons
   435 | D:1      | Reached XP level 2. HP: 23/23 MP: 2/2
   629 | D:1      | 629 ||| READING scroll labelled NUGOUVOQOL.
   630 | D:1      | 630 ||| READING scroll labelled XUABI PECZECSE.
   731 | D:1      | 731 ||| DRINKING 2 cyan potions.
   732 | D:1      | 732 ||| DROPPING scroll of poison.
   754 | D:2      | 754 ||| STAIRDANCE
   769 | D:2      | 769 ||| STAIRDANCE
   821 | D:2      | 821 ||| STAIRDANCE
   825 | D:1      | HP: 1/24 [worm (10)]
   971 | D:2      | Reached XP level 3. HP: 29/29 MP: 3/3
  1147 | D:2      | Reached skill level 4 in Ranged Weapons
  1394 | D:2      | Reached XP level 4. HP: 11/36 MP: 4/4
  1394 | D:2      | HP: 9/36 [poisoned by an adder]
  1399 | D:2      | HP: 6/36 [poisoned by an adder]
  1784 | D:2      | 1784 ||| READING scroll labelled KUUCHA OBAPH.
  1785 | D:2      | 1785 ||| DRINKING 2 dark potions.
  1931 | D:3      | Noticed Sigmund
  1940 | D:3      | 1940 ||| DRINKING 2 potions of curing.
  1940 | D:3      | 1940 ||| (to cure confusion)
  1942 | D:3      | Killed Sigmund
  1943 | D:3      | Reached skill level 6 in Ranged Weapons
  1943 | D:3      | Reached XP level 5. HP: 41/41 MP: 5/5
  2235 | D:3      | Reached XP level 6. HP: 45/49 MP: 6/6
  2256 | D:3      | Found a radiant altar of Vehumet.
  2300 | D:3      | Noticed Grinder
  2320 | D:3      | HP: 12/50 [Grinder (8)]
  2321 | D:3      | HP: 1/50 [Grinder/nerve-wracking pain (6)]
  2324 | D:3      | Slain by Grinder

Levels and vault maps discovered:
D:1:      kb_arrival_jail, layout_loops_ring
D:2:      layout_basic, chequers_avenue, corexii_shack,
          chequers_serial_rivers_micro_b, minmay_shallow_snake_nest
D:3:      layout_loops_corners, vehumet_crystals, nicolae_figureground_sparkle,
          uniq_grinder, uniq_sigmund

Skill      XL: |  1  2  3  4 |
---------------+-------------+-----
Ranged Weapons | 3 4 6 |  6.6
Fighting       | 2 |  2.6
Dodging        | |  2.1
Spellcasting   | |  1.0
Hexes          | |  2.0

Action                     |  1- 3 |  4- 6 || total
---------------------------+-------+-------++-------
   Fire: Sling             |    99 |    96 ||   195
    Use: Scroll            |     2 |     1 ||     3
         Potion            |     1 |     2 ||     3
 Armour: Robe              |    14 |     9 ||    23
  Dodge: Dodged            |    55 |    29 ||    84

Table legend:
 A = Non-vault XP
 B = Vault XP
 C = Vault XP percentage of total XP
 D = Non-vault monster count
 E = Vault monster count
 F = Vault count percentage of total count
                 A         B        C        D         E       F
            +---------+---------+-------+---------+---------+-------
      Total |     145 |     253 |  63.6 |      46 |       9 |  16.4
            +---------+---------+-------+---------+---------+-------
        D:1 |      25 |       0 |   0.0 |      12 |       0 |   0.0
        D:2 |      67 |      22 |  24.7 |      19 |       8 |  29.6
        D:3 |      53 |     231 |  81.3 |      15 |       1 |   6.2
            +---------+---------+-------+---------+---------+-------
